 Dungeon Sprint DCSS version 0.18.1-6-gd335043 (webtiles) character file.

427 Etesian the Unseen (level 6, -6/28 HPs)
             Began as a Spriggan Enchanter on May 16, 2016.
             Was an Initiate of Gozag.
             Mangled by a vampire (8 damage)
             ... in the Dungeon (Sprint IX: "|||||||||||||||||||||||||||||").
             The game lasted 00:03:29 (685 turns).

Etesian the Unseen (Spriggan Enchanter)              Turns: 685, Time: 00:03:29

Health: -6/28      AC:  5    Str:  4    XL:     6   Next: 65%
Magic:  3/11       EV: 25    Int: 16    God:    Gozag
Gold:   42         SH:  0    Dex: 22    Spells: 2 memorised, 6 levels left

rFire  . . .     SeeInvis +     a - +1 dagger
rCold  . . .     Gourm    .     b - +1 robe
rNeg   . . .     Faith    .     (shield restricted)
rPois  .         Spirit   .     (helmet restricted)
rElec  .         Dismiss  .     (no cloak)
rCorr  .         Reflect  .     (gloves unavailable)
SustAt .         Harm     .     (boots unavailable)
MR     +....     NoTele   +     (no amulet)
Stlth  ++++++++..               o - +3 ring of dexterity
                                n - +2 ring of protection

@: very quick, somewhat resistant to hostile enchantments, extraordinarily
stealthy
A: unfitting armour, see invisible, herbivore 3, speed 3, slow metabolism 2
a: Potion Petition, Call Merchant, Bribe Branch, Renounce Religion


You were in the Dungeon.
You worshipped Gozag.
Gozag was noncommittal.
You were not hungry.

You visited 1 branch You collected 42 gold pieces.

Inventory:

Hand Weapons
 a - a +1 dagger (weapon)
Armour
 b - a +1 robe (worn)
Jewellery
 n - a +2 ring of protection (left hand)
 o - a +3 ring of dexterity (right hand)
Scrolls
 j - 2 scrolls of blinking
 l - 3 scrolls of remove curse
 m - 2 scrolls of amnesia
Potions
 e - 5 potions of curing
 f - 3 potions of heal wounds
 g - a potion of haste
 h - 4 potions of magic
 i - a potion of berserk rage
 k - a potion of invisibility
Books
 c - a book of Maledictions

   Spells                             Type                      Level
   a - Corona                         Hexes                        1
   b - Ensorcelled Hibernation        Hexes/Ice                    2
   c - Confuse                        Hexes                        3
   d - Tukima's Dance                 Hexes                        3
   e - Dazzling Spray                 Conjuration/Hexes            3
Comestibles
 d - a bread ration


   Skills:
 + Level 5.2 Short Blades
 + Level 7.5 Dodging
 * Level 15.8 Stealth
 - Level 2.6 Spellcasting
 * Level 9.2 Hexes


You had 6 spell levels left.
You knew the following spells:

 Your Spells              Type           Power        Failure   Level  Hunger
a - Corona                Hex            ####...      1%          1    #......
b - Confuse               Hex            ####....     1%          3    ###....


Dungeon Overview and Level Annotations

Branches:
Dungeon (1/1)

Altars:
Cheibriados
Dithmenos
Elyvilon
Fedhas
Gozag
Kikubaaqudgha
Makhleb
Nemelex Xobeh
Okawaru
Pakellas
Qazlal
Ru
Sif Muna
Trog
Vehumet
Xom
Yredelemnul
Zin
The Shining One
Beogh
Jiyva
Lugonu


Innate Abilities, Weirdness & Mutations

You are tiny and cannot use many weapons and most armour.
You have supernaturally acute eyesight.
You are a herbivore.
You cover ground extremely quickly.
You need consume almost no food.


Message History

* * * LOW HITPOINT WARNING * * *
The vampire draws life force from you and is healed!
You take 13 damage, and have 2/28 hp.
MASSIVE DAMAGE!!
You bump into the unnaturally hard rock wall.
The vampire completely misses you. x2
You hit the vampire.
The vampire is lightly damaged.
You're too confused to cast spells.
You bump into the unnaturally hard rock wall.
The vampire completely misses you. The vampire misses you.
You're too confused to cast spells.
You bump into the unnaturally hard rock wall.
The vampire misses you. The vampire closely misses you.
You see here a giant gecko skeleton.
You bump into the unnaturally hard rock wall.
You feel less confused.
The vampire hits you but does no damage.
The vampire bites you!
You die...
Your body crumbles into a pile of gold. $$$$$$$$$$$$$

$$$
▓▓▓▓▓▓▓▓▓▓▓▓▓▓▓▓▓▓▓▓▓▓▓▓▓▓▓▓▓▓▓▓
▓<...).....'..)@V'______________
▓▓▓▓▓▓▓▓▓▓▓▓▓▓▓▓▓▓▓▓▓▓▓▓▓▓▓▓▓▓▓▓


You could see a vampire.

Vanquished Creatures
  A hungry ghost (D)
  An ice beast (D)
  A big kobold (D)
  A giant frog (D)
  A scorpion (D)
  An iguana (D)
  An orc wizard (D)
  An adder (D)
  A shadow imp (D)
  A dart slug (D)
  A giant gecko (D)
  An orc (D)
  A goblin (D)
  4 hobgoblins (D)
17 creatures vanquished.

Notes
Turn   | Place    | Note
--------------------------------------------------------------
     0 | D        | Etesian the Spriggan Enchanter began the quest for the Orb.
     0 | D        | Reached XP level 1. HP: 9/9 MP: 5/5
    13 | D        | Reached skill level 5 in Stealth
    24 | D        | Reached skill level 6 in Stealth
    39 | D        | Reached skill level 7 in Stealth
   208 | D        | Noticed a scorpion
   210 | D        | Reached skill level 8 in Stealth
   210 | D        | Reached XP level 2. HP: 13/13 MP: 6/6
   212 | D        | Killed a scorpion
   212 | D        | Reached skill level 12 in Stealth
   212 | D        | Reached XP level 3. HP: 16/16 MP: 8/8
   223 | D        | Reached XP level 4. HP: 21/21 MP: 9/9
   241 | D        | Learned a level 3 spell: Confuse
   412 | D        | Found a glowing silver altar of Zin.
   412 | D        | Found a glowing golden altar of the Shining One.
   412 | D        | Found an ancient bone altar of Kikubaaqudgha.
   412 | D        | Found a basalt altar of Yredelemnul.
   412 | D        | Found a shimmering altar of Xom.
   412 | D        | Found a radiant altar of Vehumet.
   413 | D        | Found an iron altar of Okawaru.
   414 | D        | Found a burning altar of Makhleb.
   415 | D        | Found a deep blue altar of Sif Muna.
   416 | D        | Found a bloodstained altar of Trog.
   417 | D        | Found a sparkling altar of Nemelex Xobeh.
   418 | D        | Found a white marble altar of Elyvilon.
   419 | D        | Found a roughly hewn altar of Beogh.
   420 | D        | Found a viscous altar of Jiyva.
   421 | D        | Found a corrupted altar of Lugonu.
   422 | D        | Found a blossoming altar of Fedhas.
   423 | D        | Found a snail-covered altar of Cheibriados.
   424 | D        | Found a shadowy altar of Dithmenos.
   425 | D        | Found a stormy altar of Qazlal.
   426 | D        | Found an opulent altar of Gozag.
   427 | D        | Found a sacrificial altar of Ru.
   428 | D        | Found an oddly glowing altar of Pakellas.
   434 | D        | Became a worshipper of Gozag Ym Sagoz the Greedy
   458 | D        | Noticed a hungry ghost
   458 | D        | Noticed a big kobold
   458 | D        | Noticed an ice beast
   460 | D        | Killed a hungry ghost
   460 | D        | Reached skill level 5 in Dodging
   460 | D        | Reached skill level 14 in Stealth
   460 | D        | Reached XP level 5. HP: 24/24 MP: 10/10
   530 | D        | Reached XP level 6. HP: 21/28 MP: 7/11
   543 | D        | Killed an ice beast
   543 | D        | Reached skill level 15 in Stealth
   598 | D        | Noticed a vampire
   598 | D        | Noticed a vampire mosquito
   600 | D        | Reached skill level 5 in Short Blades
   685 | D        | Mangled by a vampire

Skill      XL: |  1  2  3  4  5  6 |
---------------+-------------------+-----
Stealth        | 8 12 14 15 | 15.8
Short Blades   | 3 4 5 |  5.2
Dodging        | 5 6 7 |  7.5
Hexes          | 6 7 9 |  9.2
Spellcasting   | |  2.6

Action                   |  1- 3 |  4- 6 || total
-------------------------+-------+-------++-------
Melee: Dagger            |    50 |    29 ||    79
 Cast: Confuse           |       |     9 ||     9
 Stab: Sleeping          |     3 |     2 ||     5
       Confused          |       |     2 ||     2
       Distracted        |       |     2 ||     2
Armor: Robe              |     1 |     2 ||     3
Dodge: Dodged            |    34 |    26 ||    60
